 Dungeon Crawl Stone Soup version 0.27.0-1-g7a089689b8 (webtiles) character file.

Game seed: 13294834363724608651

244 hawla the Grave Robber (level 5, -1/29 HPs)
             Began as a Deep Elf Necromancer on Aug 15, 2021.
             Slain by a yak (12 damage)
             ... on level 4 of the Dungeon.
             The game lasted 00:08:44 (3709 turns).

hawla the Grave Robber (Deep Elf Necromancer)       Turns: 3709, Time: 00:08:45

Health: -1/29      AC:  2    Str:  5    XL:     5   Next: 83%
Magic:  1/11       EV: 13    Int: 21    God:
Gold:   92         SH:  0    Dex: 15    Spells: 2/10 levels left

rFire    . . .     SeeInvis .   c - +2 whip (elec)
rCold    . . .     Faith    .   (no shield)
rNeg     . . .     Spirit   .   a - +0 robe
rPois    .         Reflect  .   (no helmet)
rElec    .         Harm     .   (no cloak)
rCorr    .         Rampage  .   (no gloves)
Will     .....                  (no boots)
Stlth    +++.......             (no amulet)
HPRegen  0.09/turn              (no ring)
MPRegen  0.12/turn              (no ring)

@: no status effects
A: no striking features
a: no special abilities


You were on level 4 of the Dungeon.
You visited 1 branch of the dungeon, and saw 4 of its levels.

You collected 92 gold pieces.

Inventory:

Hand Weapons
 c - a +2 whip of electrocution (weapon)
Armour
 a - a +0 robe (worn)
Wands
 e - a wand of acid (10)
Scrolls
 b - a scroll of fear
Potions
 f - a potion of might
 h - a potion of curing
 j - a potion of flight {unknown}


   Skills:
 + Level 1.1 Fighting
 - Level 3.0 Dodging
 - Level 6.0 Stealth
 - Level 3.0 Spellcasting
 + Level 6.3 Necromancy


You had 2 spell levels left.
You knew the following spells:

 Your Spells              Type           Power      Damage    Failure   Level
a - Pain                  Necr           100%       1d9       1%          1
b - Vampiric Draining     Necr           14%        2d8       3%          3
c - Animate Dead          Necr           14%        N/A       10%         4

Your spell library contained the following spells:

 Spells                   Type           Power      Damage    Failure   Level
 Animate Skeleton         Necr           58%        N/A       1%          1
 Agony                    Necr           29%        N/A       26%         5


Dungeon Overview and Level Annotations

Branches:
Dungeon (4/15)
 Temple: D:4-7

Altars:
Cheibriados

Annotations:
D:2 Terence


Message History

Aim: a yak You draw life force from the yak!
You feel life coursing into your body.
Your adder skeleton dissolves into shadows!
The yak gores you!
A gnoll comes into view. It is wielding a +0 halberd.
Your gnoll barely misses the yak.
Casting: Vampiric Draining (dangerous; 3% risk of failure)
Confirm with . or Enter, or press ? or * to list all spells.
Aiming: Vampiric Draining (dangerous; 3% risk of failure)
Press: ? - help, Shift-Dir - straight line, f/p - yak
Aim: a yak (moderately wounded)
You draw life force from the yak.
You feel life coursing into your body.
The gnoll shouts!
You hear a shout!
Your endoplasm dissolves into shadows!
The yak closely misses you. The black bear closely misses you.
The black bear claws you.
The black bear claws you but does no damage.
Your gnoll hits the yak with a +0 spear.
Casting: Vampiric Draining (dangerous; 3% risk of failure)
Confirm with . or Enter, or press ? or * to list all spells.
Aiming: Vampiric Draining (dangerous; 3% risk of failure)
Press: ? - help, Shift-Dir - straight line, f/p - yak
Aim: a yak (heavily wounded)
You draw life force from the yak!
You feel life coursing into your body. The yak misses you. The yak gores you.
The black bear barely misses you. The black bear claws you.
The black bear barely misses you. The yak misses you.
Your gnoll hits the yak but does no damage.
Casting: Vampiric Draining (dangerous; 3% risk of failure)
Confirm with . or Enter, or press ? or * to list all spells.
You don't have enough magic to cast this spell.
Casting: Vampiric Draining (dangerous; 3% risk of failure)
Confirm with . or Enter, or press ? or * to list all spells.
Aiming: Pain (safe; 1% risk of failure)
Press: ? - help, Shift-Dir - straight line, f/p - yak
Aim: a yak (almost dead, chance to affect: 84%)
The yak writhes in agony.
The yak closely misses you. The black bear barely misses you.
The black bear misses you.
The black bear claws you but does no damage.
The yak gores you!
You die... .# .####################### ZgJBBBJ.................
B§#####J...#####.......# gJ#

##.#....##....g...
J§#
#.####..#.......#
§§# #.#
##.g.....$.# ..#
..# ##YYY......
g.. .## ##@h.....#
... .. #.Y......
... .# ######...
.... .# ##


You could see 4 yaks, a black bear, a gnoll and a friendly gnoll (summoned).

Vanquished Creatures
  An ice beast (D:3)
  A hound (D:3)
  Natasha (twice) (D:2)
  An adder (D:3)
  2 dart slugs
  2 orcs (D:3)
  6 ball pythons
  2 bats
  4 endoplasms
  3 giant cockroaches (D:3)
  5 goblins
  7 hobgoblins
  7 jackals
  5 kobolds
  2 quokkas
  A frilled lizard (D:3)
  6 rats
57 creatures vanquished.

Vanquished Creatures (collateral kills)
  An endoplasm (D:3)
  A kobold (D:3)
  A frilled lizard (D:3)
3 creatures vanquished.

Vanquished Creatures (others)
  3 fungi (D:3)
  7 plants (D:3)
10 creatures vanquished.

Grand Total: 70 creatures vanquished

Notes
Turn   | Place    | Note
-------+----------+-------------------------------------------
     0 | D:1      | hawla the Deep Elf Necromancer began the quest for the Orb.
     0 | D:1      | Reached XP level 1. HP: 10/10 MP: 6/6
   109 | D:1      | Reached skill level 5 in Necromancy
   309 | D:1      | Reached XP level 2. HP: 9/15 MP: 2/8
  1265 | D:2      | Noticed Natasha
  1532 | D:2      | Reached XP level 3. HP: 18/19 MP: 7/9
  1536 | D:2      | Learned a level 3 spell: Vampiric Draining
  1747 | D:2      | Noticed Terence
  1930 | D:2      | Killed Natasha
  2011 | D:2      | Noticed Natasha
  2020 | D:2      | Killed Natasha
  2021 | D:2      | Reached XP level 4. HP: 14/24 MP: 3/10
  2026 | D:2      | Learned a level 4 spell: Animate Dead
  2595 | D:3      | Found a faded altar of an unknown god.
  2621 | D:3      | Noticed an ice beast
  2627 | D:3      | Killed an ice beast
  2628 | D:3      | Reached XP level 5. HP: 28/28 MP: 2/11
  3109 | D:3      | Found a snail-covered altar of Cheibriados.
  3245 | D:3      | Reached skill level 1 in Fighting
  3699 | D:4      | Noticed a yak
  3699 | D:4      | Noticed a yak
  3700 | D:4      | Noticed a yak
  3700 | D:4      | Noticed a yak
  3701 | D:4      | Noticed a black bear
  3709 | D:4      | Slain by a yak

Illustrated notes

Levels and vault maps discovered:
D:1:      mrwooster_arrival_statue, layout_basic, minmay_misc_feat_room
D:2:      layout_loops_cross, hangedman_decor_opposing, uniq_natasha,
          uniq_terence
D:3:      layout_basic, cheibriados_altar_1,
          shapermc_ecumenical_altar_mp_urbaneastern, minmay_circle_x
D:4:      layout_rooms, minmay_temple_entry_butterflies

Skill      XL: |  1  2  3  4  5 |
---------------+----------------+-----
Necromancy     | 5 6 |  6.3
Stealth        | 3 4 6 |  6.0
Dodging        | 3 |  3.0
Fighting       | 1 |  1.1
Spellcasting   | |  3.0

Action                   |  1- 3 |  4- 6 || total
-------------------------+-------+-------++-------
Melee: Whip              |     3 |    34 ||    37
       Unarmed           |     1 |       ||     1
 Cast: Pain              |    47 |    21 ||    68
       Vampiric Draining |     1 |     7 ||     8
       Animate Dead      |       |     3 ||     3
Evoke: Wand              |       |     1 ||     1
  Use: Scroll            |     2 |     4 ||     6
       Potion            |       |     1 ||     1
 Stab: Sleeping          |       |     3 ||     3
Armor: Robe              |     1 |     9 ||    10
Dodge: Dodged            |    11 |    40 ||    51
